Map: Mist Opportunities

Players

Hunter

  • Race: Terran Terran
  • League: Diamond

Earthling

  • Race: Zerg Zerg
  • Spawn Location: 5:00

VOD

https://www.youtube.com/watch?v=790N-DaIvpU

Description

This is my best build for H&H you can do any match-up with this build. Reapers are the most versatile unit in their army. Upgrades mean a lot for them and Jump Jets are the most important upgrade. Ravens add a lot of dps so make sure to add them for extra DPS.

Time

  • Played on: May 18, 2018, 6:34 p.m.
  • Length: 30:08
Show
View Real Time Build Order
Export as new Build Order

Hunter Terran 

Build Orders:  

Get SALT Encoding   

  12  0:05  Starport Tech Lab  
  12  0:08  SCV  
  13  0:25  SCV  
  13  0:26  Supply Depot  
  15  0:42  SCV  
  16  1:01  SCV  
  16  1:18  SCV  
  17  1:27  Command Center  
  17  1:36  SCV  
  19  1:53  SCV  
  19  1:57  Assault Galleon  
  19  2:09  Refinery, SCV  
  20  2:18  Refinery  
  20  2:26  SCV  
  22  2:43  SCV  
  23  3:00  SCV  
  23  3:01  Reaper  
  24  3:11  Reaper  
  24  3:17  SCV  
  27  3:21  Reaper  
  27  3:22  SCV  
  28  3:31  Reaper  
  28  3:34  Armory  
  28  3:38  SCV  
  31  3:42  SCV  
  31  3:52  Engineering Bay  
  31  3:55  SCV  
  32  4:05  Command Center  
  33  4:11  SCV  
  33  4:15  SCV  
  34  4:28  SCV  
  36  4:32  SCV  
  36  4:38  Jetpack Overdrive  
  36  4:45  SCV  
  36  4:49  SCV  
  39  5:02  SCV  
  39  5:04  Refinery  
  39  5:06  Refinery, SCV  
  40  5:19  SCV  
  42  5:23  SCV  
  42  5:24  Supply Depot  
  42  5:28  Horner Weapons Level 1  
  42  5:36  SCV  
  44  5:40  SCV  
  41  5:53  SCV  
  41  5:57  SCV  
  41  5:59  Assault Galleon  
  42  6:04  Assault Galleon  
  42  6:08  LE9 Cluster Charges  
  43  6:10  SCV  
  43  6:12  Multi-Threaded Sensors  
  43  6:15  Supply Depot  
  43  6:19  SCV  
  44  6:27  SCV  
  45  6:33  Assault Galleon  
  45  6:36  SCV  
  47  6:44  SCV, Assault Galleon  
  48  6:53  Supply Depot, SCV  
  49  7:01  SCV  
  49  7:02  Reaper x2  
  49  7:07  Reaper  
  52  7:21  Reaper  
  52  7:22  Reaper x2  
  55  7:30  Theia Raven  
  55  7:31  Reaper  
  55  7:33  Hellion  
  55  7:37  Theia Raven  
  62  7:48  Reaper x4  
  62  7:49  Reaper  
  67  8:03  Fusion Core  
  67  8:05  Reaper x3  
  67  8:06  Reaper x2  
  72  8:15  Reaper x4  
  72  8:17  Horner Weapons Level 2  
  76  8:21  Reaper  
  76  8:25  Reaper  
  78  8:36  Reaper  
  78  8:37  Reaper x4  
  81  8:49  Reaper  
  81  8:50  Reaper  
  81  8:56  Reaper x2  
  84  9:02  Theia Raven  
  84  9:06  Reaper x3  
  89  9:11  Supply Depot  
  89  9:18  Reaper x3  
  89  9:19  Reaper x2  
  93  9:41  Widow Mine  
  93  9:43  Supply Depot  
  95  10:14  Supply Depot  
  95  10:24  Unregistered Cloak System  
  93  10:30  Asteria Wraith  
  97  10:52  Reaper x2  
  97  10:53  Reaper  
  100  11:06  Reaper  
  100  11:07  Reaper  
  113  11:27  Trigger Override  
  116  11:33  Supply Depot  
  116  11:34  Drone Hangar x4  
  116  11:43  Drone Hangar  
  114  11:56  Horner Weapons Level 3  
  114  12:16  Reaper x4  
  117  12:25  Reaper  
  117  12:26  Reaper x2  
  120  12:42  Asteria Wraith  
  120  12:49  Reaper x2  
  131  12:50  Reaper x3  
  131  12:54  Supply Depot  
  131  12:59  Reaper  
  135  13:00  Reaper x2  
  136  13:13  Reaper x2  
  136  13:14  Reaper  
  139  13:21  Reaper x2  
  138  13:40  Reaper x2  
  138  13:42  Reaper x2  
  138  13:45  Reaper  
  143  13:50  Theia Raven  
  143  13:56  Reaper x2  
  143  13:57  Reaper x2  
  148  14:02  Widow Mine  
  148  14:07  Reaper  
  148  14:08  Reaper x3  
  154  14:15  Tactical Jump  
  154  14:23  Reaper  
  154  14:24  Reaper x2  
  152  14:42  Reaper  
  152  14:47  Reaper x2  
  152  14:48  Reaper x2  
  126  14:52  Reaper  
  126  14:57  Reaper x2  
  126  14:58  Reaper x2  
  124  15:02  Reaper  
  124  15:03  Sovereign Battlecruiser  
  124  15:07  Reaper  
  124  15:08  Reaper x3  
  132  15:11  Reaper  
  132  15:17  Reaper  
  132  15:18  Horner Armor Level 1, Reaper x3  
  136  15:21  Reaper  
  136  15:27  Reaper  
  136  15:28  Reaper x3  
  141  15:31  Reaper  
  141  15:37  Reaper  
  141  15:38  Reaper x3  
  145  15:41  Reaper  
  145  15:47  Reaper  
  145  15:48  Reaper  
  148  15:59  Reaper  
  144  16:00  Reaper x3  
  145  16:14  Asteria Wraith  
  153  16:21  Supply Depot  
  153  16:26  Reaper x2  
  155  16:35  Reaper x2  
  157  16:49  Reaper x2  
  139  16:51  Reaper x2  
  139  16:58  Reaper  
  139  16:59  Reaper  
  141  17:04  Reaper x3  
  141  17:08  Reaper  
  141  17:09  Reaper  
  146  17:13  Reaper  
  146  17:14  Reaper x2  
  146  17:17  Reaper  
  150  17:22  Reaper  
  150  17:23  Reaper  
  150  17:24  Reaper  
  149  17:37  Reaper x2  
  149  17:38  Reaper x3  
  143  17:47  Reaper x3  
  143  17:48  Reaper x2  
  144  17:57  Reaper x3  
  144  17:58  Reaper x2  
  149  18:07  Reaper x3  
  149  18:08  Reaper x2  
  154  18:11  Horner Armor Level 2  
  154  18:17  Reaper x3  
  154  18:18  Reaper x2  
  159  18:27  Reaper x2  
  161  18:31  Reaper x3  
  164  18:41  Supply Depot  
  164  19:14  Sovereign Battlecruiser  
  164  19:15  Supply Depot  
  174  19:42  Overcharged Reactor  
  174  20:13  Sovereign Battlecruiser  
  183  20:35  Reaper x2  
  183  20:36  Reaper  
  185  20:56  Asteria Wraith  
  193  21:23  Reaper x3  
  193  21:24  Reaper x2  
  198  22:40  Reaper x2  
  198  22:42  Horner Armor Level 3  
  200  24:06  Supply Depot  
  200  24:07  Supply Depot  
  200  25:27  Supply Depot  
  200  25:40  Supply Depot  
  200  26:00  Supply Depot  
  200  26:15  Supply Depot  
  200  26:33  Supply Depot  
  200  26:48  Supply Depot  
  200  27:07  Supply Depot  
  200  27:22  Supply Depot  
  200  27:55  Supply Depot  
  199  28:20  Reaper  
  200  28:30  Supply Depot  
  163  29:03  Supply Depot, Sovereign Battlecruiser x2  
  163  29:04  Asteria Wraith  
Show
View Real Time Build Order
Export as new Build Order

Earthling Zerg 

Build Orders:  

Get SALT Encoding   

  12  0:05  Drone  
  13  0:15  Drone  
  14  0:25  Overlord  
  14  0:45  Extractor  
  14  0:47  Extractor  
  14  0:48  Overlord  
  12  0:52  Drone  
  13  1:20  Roach Warren  
  13  1:22  Drone x2  
  14  1:47  Drone  
  14  1:48  Drone x2  
  17  2:00  Drone x2  
  19  2:16  Drone x2  
  21  2:28  Roach  
  23  2:45  Lair  
  23  2:52  Drone  
  24  3:12  Drone  
  24  3:13  Drone x3  
  28  3:21  Evolution Chamber  
  27  3:34  Infestation Pit  
  26  3:53  Drone x3  
  26  3:54  Drone  
  30  4:14  Overlord x2  
  30  4:26  Hive  
  30  4:40  Roach  
  30  4:42  Roach  
  34  5:48  Roach  
  34  5:49  Roach x2  
  34  6:28  Drone  
  34  6:38  Roach x4  
  34  6:39  Roach  
  44  6:46  Drone x2  
  46  6:53  Spire  
  46  6:58  Evolution Chamber  
  44  7:02  Zerg Missile Weapons Level 1  
  44  7:05  Glial Reconstitution  
  44  7:16  Roach  
  44  7:38  Roach, Brutalisk  
  46  7:45  Overlord x2  
  46  7:46  Overlord x3  
  46  8:08  Zerg Ground Armor Level 1  
  46  8:11  Hydriodic Bile  
  46  8:14  Roach x2  
  46  8:15  Roach x2  
  54  9:17  Adaptive Plating  
  54  9:19  Roach x3  
  60  9:20  Roach  
  60  9:23  Roach  
  60  9:29  Zerg Flyer Weapons Level 1  
  62  9:34  Paralytic Barbs  
  62  9:45  Brutalisk  
  62  9:52  Virulent Microbes  
  62  10:31  Hatchery  
  62  10:37  Zerg Missile Weapons Level 2  
  62  10:38  Zerg Ground Armor Level 2  
  61  10:42  Tunneling Claws  
  61  10:57  Drone x5  
  61  10:58  Drone x3  
  69  11:05  Zerg Flyer Armor Level 1  
  69  11:06  Roach  
  69  11:28  Brutalisk  
  69  11:47  Drone x2  
  69  11:48  Drone x3  
  74  12:13  Drone  
  74  12:14  Drone x2  
  74  12:15  Viper x2  
  74  12:19  Extractor  
  76  12:20  Extractor  
  81  13:21  Zerg Missile Weapons Level 3  
  81  13:56  Drone x3  
  81  13:57  Drone  
  85  14:07  Drone x2  
  85  14:08  Drone x2  
  89  14:17  Drone  
  89  14:18  Drone x2  
  92  14:30  Overlord  
  92  14:31  Overlord x5  
  92  14:34  Zerg Ground Armor Level 3  
  92  14:37  Zerg Flyer Weapons Level 2  
  92  15:28  Pneumatized Carapace  
  90  15:30  Overseer  
  90  15:31  Overseer x3  
  90  15:34  Overlord x3  
  90  15:35  Overlord x4  
  90  16:00  Viper  
  90  16:05  Viper  
  93  16:28  Roach x5  
  93  16:29  Roach  
  105  16:30  Zerg Flyer Armor Level 2  
  105  16:35  Leviathan  
  101  16:42  Viper x2  
  105  17:08  Roach x2  
  109  17:15  Roach  
  109  17:16  Roach x9  
  129  17:25  Spine Crawler  
  129  17:26  Spine Crawler  
  127  17:31  Spore Crawler, Drone  
  127  17:32  Spore Crawler  
  127  17:35  Spore Crawler  
  125  17:42  Viper x2  
  125  17:57  Overlord x4  
  131  19:04  Zerg Flyer Weapons Level 3  
  131  20:11  Viper x3  
  131  20:26  Roach  
  131  20:27  Roach x10  
  162  21:16  Zerg Flyer Armor Level 3  
  162  21:25  Viper x3  
  171  22:46  Hatchery  
  171  22:48  Drone x3  
  173  23:01  Hatchery  
  173  23:04  Hatchery  
  171  23:12  Hatchery  
  170  23:23  Hatchery  
  170  23:26  Hatchery  
  168  23:30  Hatchery  
  168  23:37  Hatchery  
  166  23:43  Drone x3  
  166  23:44  Drone x2  
  166  23:45  Drone x4  
  166  23:46  Hatchery  
  174  23:51  Hatchery  
  173  24:13  Bio-Mechanical Transfusion  
  173  24:25  Incubation Chamber  
  173  24:27  Hatchery  
  173  24:28  Rapid Regeneration  
  172  24:31  Hatchery  
  172  24:33  Hatchery  
  172  24:35  Hatchery  
  169  24:51  Bloated Bile Ducts  
  169  24:54  Drone x3  
  169  24:55  Drone x3  
  175  25:04  Vicious Glave  
  175  25:41  Hatchery  
  175  25:45  Potent Bile  
  174  25:58  Sundering Glave  
  173  28:40  Viper  
  174  29:15  Leviathan  
Tags
 
Add a new tag
Caveats
  • Supply blocks, unpowered buildings, or Contaminate may cause inaccurate times.
  • Supply counts are checked every 10 seconds.